 Dungeon Crawl Stone Soup version 0.30-a0-879-ga8ba668304 (webtiles) character file.

Game seed: 12336130538682455666

8 domi the Conjurer (level 2, 19/19 HPs)
             Began as a Demonspawn Conjurer on Mar 12, 2023.
             Got out of the dungeon alive.
             The game lasted 00:00:28 (314 turns).

domi the Conjurer (Demonspawn Conjurer)              Turns: 314, Time: 00:00:28

Health: 19/19      AC:  2    Str:  7    XL:     2   Next: 0%
Magic:  5/5        EV: 12    Int: 19    God:
Gold:   20         SH:  0    Dex: 11    Spells: 4/5 levels left

rFire   . . .      SeeInvis .    (no weapon)
rCold   . . .      Faith    .    (no shield)
rNeg    . . .      Spirit   .    a - +0 robe
rPois   .          Reflect  .    (no helmet)
rElec   .          Rampage  .    (no cloak)
rCorr   .                        (no gloves)
Will    .....                    (no boots)
Stlth   ++                       (no amulet)
HPRegen 0.23/turn                (no ring)
MPRegen 0.09/turn                (no ring)

@: no status effects
A: demonic guardian 1
a: no special abilities


You escaped.
You visited 1 branch of the dungeon, and saw 1 of its levels.

You collected 20 gold pieces.

Inventory:

Armour
 a - a +0 robe (worn)
Scrolls
 c - a scroll of identify {unknown}
 d - a scroll of vulnerability {unknown}
Potions
 b - a potion of magic


   Skills:
 - Level 1.7 Dodging
 - Level 1.7 Stealth
 - Level 2.0 Spellcasting
 + Level 4.4 Conjurations


You had 4 spell levels left.
You knew the following spells:

 Your Spells              Type           Power      Damage    Failure   Level
z - Magic Dart            Conj           72%        1d6       2%          1

Your spell library contained the following spells:

 Spells                   Type           Power      Damage    Failure   Level
 Searing Ray              Conj           36%        2d5       4%          2
 Dazzling Flash           Conj/Hex       20%        N/A       21%         3
 Fulminant Prism          Conj/Hex       5%         3d7       56%         4
 Iskenderun's Mystic Bla  Conj/Tloc      10%        2d4       56%         4


Dungeon Overview and Level Annotations

Branches:
Dungeon (1/15)

Altars:


Innate Abilities, Weirdness & Mutations

A weak demonic guardian rushes to your aid.


Message History

Welcome, domi the Demonspawn Conjurer.
You feel drawn to the Orb of Zot, downwards into the unfathomable depths...
Found a staircase leading out of the dungeon.
Lua error: attempt to yield across metamethod/C-call boundary You see here a +0 chain mail.
A bat comes into view.
Aim: a bat (100% to hit)
The magic dart hits the bat.
You kill the bat!
You can't see any susceptible monsters within range! (Use Z to cast anyway.)
You see here a bat corpse.
A giant cockroach comes into view.
A giant cockroach is nearby!
A giant cockroach is nearby!
Aim: a giant cockroach (100% to hit)
The magic dart hits the giant cockroach but does no damage.
Aim: a giant cockroach (100% to hit)
The magic dart hits the giant cockroach.
Aim: a giant cockroach (heavily wounded, 100% to hit)
The magic dart hits the giant cockroach.
You kill the giant cockroach!
You don't have enough magic to cast this spell.
You don't have enough magic to cast this spell.
You see here a giant cockroach corpse.
You see here 8 stones.
c - a scroll labelled KONUCK LYRCH A kobold comes into view.
It is wielding a +0 short sword.
The kobold shouts!
You hear a shout!
A kobold is nearby!
A kobold is nearby!
Aim: a kobold, wielding a +0 short sword (100% to hit)
The magic dart hits the kobold.
Aim: a kobold, wielding a +0 short sword (severely wounded, 100% to hit)
The magic dart hits the kobold.
You kill the kobold!
A goblin comes into view. It is wielding a +0 club.
A goblin is nearby!
A goblin is nearby!
A goblin is nearby!
Aim: a goblin, wielding a +0 club (100% to hit)
The magic dart hits the goblin.
You don't have enough magic to cast this spell.
Aim: a goblin, wielding a +0 club (heavily wounded, 100% to hit)
The magic dart hits the goblin.
You kill the goblin!
You start resting.
You see here a +0 club.
Things that are here:
a +0 short sword; a kobold corpse
Found an escape hatch in the floor.
You now have 13 gold pieces.
There is an escape hatch in the floor here.
A goblin comes into view. It is wielding a +0 club.
A goblin is nearby!
Aim: a goblin, wielding a +0 club and quivering stones (wandering, hasn't noticed you, 100% to hit)
The magic dart hits the goblin.
The goblin shouts!
Aim: a goblin, wielding a +0 club and quivering stones (heavily wounded, 100% to hit)
The magic dart hits the goblin.
The goblin throws a stone.
The stone barely misses you.
Aim: a goblin, wielding a +0 club and quivering stones (severely wounded, 100% to hit)
The magic dart hits the goblin.
You kill the goblin!
You now have 20 gold pieces (gained 7).
Things that are here:
a +0 club; 2 stones A dart slug comes into view.
You see here a scroll labelled TADOSHAMOM.
A dart slug is nearby!
A dart slug is nearby!
Aim: a dart slug (asleep, 100% to hit)
The magic dart hits the dart slug.
The dart slug launches a dart at you. The slug dart hits you.
Aim: a dart slug (moderately wounded, 100% to hit)
The magic dart hits the dart slug.
Aim: a dart slug (heavily wounded, 100% to hit)
The magic dart hits the dart slug.
You don't have enough magic to cast this spell.
You don't have enough magic to cast this spell.
You don't have enough magic to cast this spell.
The dart slug barely misses you.
You hit the dart slug. You hit the dart slug but do no damage.
The dart slug closely misses you.
You hit the dart slug but do no damage. The dart slug closely misses you.
You hit the dart slug.
You kill the dart slug!
You have reached level 2!
Your demonic ancestry asserts itself...
You feel the presence of a demonic guardian.
d - a scroll labelled TADOSHAMOM
There are no items here.
There is an escape hatch in the floor here.
Things that are here:
a +0 short sword; a kobold corpse You see here a +0 club.
You see here a bat skeleton.
There is a staircase leading out of the dungeon here.
Are you sure you want to leave the Dungeon?
This will make you lose the game!
You have escaped!

##### # ##...#####
###.###(...# ##.##
##.#.### ...#
#.รท..8############ ...##
##.#..............#
###.###.##.[8##...#####.#
#....###.###.....# #.#.##
#.####.@.## #.#.#
#..##.....# #.#.#
#..8##...#####.# #...#
#..............# #####
#..8############ #####


There were no monsters in sight!

Vanquished Creatures
  A dart slug (D:1)
  A giant cockroach (D:1)
  2 goblins (D:1)
  A bat (D:1)
  A kobold (D:1)
6 creatures vanquished.

Notes
Turn   | Place    | Note
-------+----------+-------------------------------------------
     0 | D:1      | domi the Demonspawn Conjurer began the quest for the Orb.
     0 | D:1      | Reached XP level 1. HP: 13/13 MP: 3/3
   261 | D:1      | Gained mutation: A weak demonic guardian rushes to your
                  | aid. [demonic ancestry]
   261 | D:1      | Reached XP level 2. HP: 16/19 MP: 0/5
   314 | D:$      | Got out of the dungeon alive.

Illustrated notes

Levels and vault maps discovered:
D:1:      psy_arrival_basics, layout_loops_ring, kennysheep_flooded_box,
          minmay_door_square

Action                     || total
---------------------------++-------
  Melee: Unarmed           ||     4
   Cast: Magic Dart        ||    14
  Dodge: Dodged            ||     4

Table legend: (Time is in decaauts)
 A = Elapsed time spent in this place.
 B = Non-inter-level travel time spent in this place.
 C = Inter-level travel time spent in this place.
 D = Time resting spent in this place.
 E = Time spent auto-exploring this place.
 F = Levels seen in this place.
 G = Mean time per level.
                   A        B        C        D        E       F      G
               +--------+--------+--------+--------+--------+-----+--------+
         Total |    314 |    264 |     50 |     34 |    194 |   1 |  314.0 |
       Dungeon |    314 |    264 |     50 |     34 |    194 |   1 |  314.0 |
               +--------+--------+--------+--------+--------+-----+--------+

Top non-repeatable levels by time:
     D:1: 314 daAuts

Table legend:
 A = Kills in this place as a percentage of kills in the entire game.
 B = Kills by you in this place as a percentage of kills by you in the entire game.
 C = Kills by friends in this place as a percentage of kills by friends in the entire game.
 D = Other kills in this place as a percentage of other kills in the entire game.
 E = Experience gained in this place as a percentage of experience gained in the entire game.
 F = Experience gained in this place divided by the number of levels of this place that you have seen.
                   A       B       C       D       E      F
               +-------+-------+-------+-------+-------+----------------------
         Total | 100.0 | 100.0 |   N/A |   N/A | 100.0 |  12.0
       Dungeon | 100.0 | 100.0 |   N/A |   N/A | 100.0 |  12.0
               +-------+-------+-------+-------+-------+----------------------
